AoeStats
← frank

Acropolis

503540458Analyzed
1v1 RM · 1mo ago on Sep 1, 2026· 18m 22s· 2 players
Game mode
Random Map
Map size
Tiny (2 player)
Population
200
Speed
Normal
Resources
Standard
Victory
Conquest
Starting age
Dark Age
Ending age
Imperial Age
RankedLock teamsTeams togetherTeam positionsShared explorationLock speedFull tech treeHidden civsTurbo modeCheats
Victory
Defeat
🇲🇽 Tatars · Mexico
1260
+15
🇲🇽 Tatars · Mexico
1241
-15
frank
7:21 Loom
9:42 Feudal Age
12:10 Double-Bit Axe
14:28 Horse Collar
[LCQL]Wlkr
7:18 Loom
10:39 Feudal Age
10:46 Man-at-Arms
14:47 Fletching
15:01 Town Watch
Connection lost

Rejoining the realm…

Still unreachable

The connection could not be restored.

Session expired

The server has moved on; the page needs a fresh start.